[ AOE2 MATCH · #506772381 ]
UnrankedGurjaras vs Italians
Player's team · LOSS
Rival team · WIN
[ REPLAY ANALYSIS · EXTRACTED FROM THE RECORDED GAME ]
Feudal
8:52
Castle
23:49
Imperial
39:15
| APM avg | 61.8 |
| APM peak | 94 |
| eAPM avg | 30.0 |
| Villagers / military | 158 / 458 |
Focus
⚔️ 52.8% · 🌾 47.2%
Skirmisher ×194 · Scout Cavalry ×172 · Camel Scout ×44 · Bombard Cannon ×16 · Archer ×12 · Shrivamsha Rider ×7
Feudal
9:16
Castle
22:50
Imperial
38:53
| APM avg | 56.5 |
| APM peak | 97 |
| eAPM avg | 26.2 |
| Villagers / military | 208 / 404 |
Focus
⚔️ 41.0% · 🌾 59.0%
Scout Cavalry ×220 · Genoese Crossbowman ×97 · Skirmisher ×31 · Knight ×20 · Militia ×20 · Bombard Cannon ×8
Match map
Initial resources + every placement click. Lines = walls · curves = elevation contours. ◆ gold · ⬟ stone · ● berries · ✦ relic · ◌ wall gap
Your base· Open — 2t gap
MrDiiego/twitch.tv's base· Open — 2t gap
Smoothed initial terrain · ◌ = detected wall gap · hover for details
Inputs per minute
— VENÓN | Kevin - - MrDiiego/twitch.tv
Build order — VENÓN | Kevin
First 150 of 609 actions detected
| 0:02 | Queue | Villager (Male) |
| 0:02 | Queue | Villager (Male) |
| 0:02 | Queue | Villager (Male) |
| 0:03 | Build | House |
| 0:06 | Build | House |
| 0:10 | Queue | Villager (Male) |
| 0:10 | Queue | Villager (Male) |
| 1:25 | Build | Mill |
| 1:27 | Queue | Villager (Male) |
| 2:03 | Queue | Villager (Male) |
| 2:24 | Queue | Villager (Male) |
| 2:50 | Queue | Villager (Male) |
| 2:50 | Queue | Villager (Male) |
| 3:22 | Queue | Villager (Male) |
| 3:41 | Queue | Villager (Male) |
| 3:42 | Queue | Villager (Male) |
| 3:52 | Build | House |
| 3:58 | Build | Lumber Camp |
| 4:03 | Queue | Villager (Male) |
| 4:09 | Queue | Villager (Male) |
| 4:32 | Queue | Villager (Male) |
| 4:33 | Queue | Villager (Male) |
| 5:22 | Queue | Villager (Male) |
| 5:40 | Research | Loom |
| 6:16 | Queue | Villager (Male) |
| 6:32 | Research | Feudal Age |
| 6:57 | Build | Barracks |
| 7:18 | Queue | Villager (Male) |
| 7:25 | Queue | Militia |
| 7:26 | Queue | Militia |
| 7:34 | Build | House |
| 7:47 | Queue | Militia |
| 7:54 | Build | Mining Camp |
| 8:52 | Age | Feudal Age |
| 8:58 | Build | Archery Range |
| 9:20 | Research | Man-at-Arms (upgrade) |
| 9:20 | Research | Man-at-Arms (upgrade) |
| 9:22 | Queue | Villager (Male) |
| 9:39 | Queue | Villager (Male) |
| 10:00 | Queue | Villager (Male) |
| 10:16 | Research | Town Watch |
| 10:17 | Research | Town Watch |
| 10:18 | Queue | Archer |
| 10:18 | Queue | Archer |
| 10:19 | Research | Horse Collar |
| 10:20 | Research | Horse Collar |
| 10:23 | Build | House |
| 10:38 | Queue | Villager (Male) |
| 10:59 | Queue | Villager (Male) |
| 11:04 | Queue | Archer |
| 11:05 | Queue | Archer |
| 11:08 | Build | Blacksmith |
| 11:21 | Queue | Villager (Male) |
| 11:31 | Queue | Villager (Male) |
| 11:34 | Queue | Villager (Male) |
| 11:35 | Build | Farm |
| 11:39 | Build | House |
| 11:44 | Queue | Archer |
| 11:54 | Queue | Villager (Male) |
| 12:06 | Build | Farm |
| 12:07 | Build | Farm |
| 12:14 | Queue | Archer |
| 12:18 | Queue | Villager (Male) |
| 12:30 | Research | Double-Bit Axe |
| 12:43 | Queue | Archer |
| 12:47 | Queue | Villager (Male) |
| 13:06 | Build | House |
| 13:15 | Research | Fletching |
| 13:15 | Research | Fletching |
| 13:18 | Build | Farm |
| 13:29 | Queue | Skirmisher |
| 13:40 | Queue | Villager (Male) |
| 13:51 | Build | Stable |
| 14:06 | Queue | Villager (Male) |
| 14:10 | Queue | Skirmisher |
| 14:11 | Queue | Villager (Male) |
| 14:30 | Queue | Villager (Male) |
| 14:41 | Queue | Villager (Male) |
| 14:44 | Build | House |
| 14:52 | Queue | Scout Cavalry |
| 15:02 | Build | Farm |
| 15:03 | Queue | Villager (Male) |
| 15:07 | Build | Lumber Camp |
| 15:25 | Queue | Villager (Male) |
| 15:30 | Build | Palisade Wall |
| 15:37 | Build | Palisade Wall |
| 15:43 | Queue | Skirmisher |
| 15:44 | Build | Farm |
| 15:45 | Queue | Archer |
| 15:52 | Queue | Archer |
| 16:10 | Queue | Villager (Male) |
| 16:21 | Build | Farm |
| 16:22 | Build | Farm |
| 16:23 | Queue | Villager (Male) |
| 16:43 | Queue | Skirmisher |
| 16:45 | Build | Farm |
| 16:47 | Build | Farm |
| 16:47 | Build | Farm |
| 16:48 | Queue | Villager (Male) |
| 17:02 | Queue | Skirmisher |
| 17:02 | Queue | Skirmisher |
| 17:19 | Queue | Archer |
| 17:22 | Queue | Villager (Male) |
| 17:24 | Build | House |
| 17:26 | Build | Farm |
| 17:36 | Queue | Villager (Male) |
| 17:45 | Build | Farm |
| 17:46 | Build | Farm |
| 17:48 | Build | Farm |
| 17:51 | Research | Padded Archer Armor |
| 17:51 | Research | Padded Archer Armor |
| 18:04 | Queue | Skirmisher |
| 18:18 | Queue | Villager (Male) |
| 18:29 | Build | Farm |
| 18:30 | Build | Farm |
| 18:30 | Queue | Villager (Male) |
| 18:39 | Queue | Skirmisher |
| 18:46 | Build | Market |
| 19:00 | Queue | Villager (Male) |
| 19:11 | Queue | Scout Cavalry |
| 19:19 | Queue | Villager (Male) |
| 19:30 | Build | Farm |
| 19:55 | Queue | Villager (Male) |
| 20:01 | Queue | Skirmisher |
| 20:05 | Build | House |
| 20:08 | Build | Market |
| 20:12 | Build | House |
| 20:20 | Queue | Skirmisher |
| 20:25 | Build | House |
| 20:30 | Build | Farm |
| 21:09 | Research | Castle Age |
| 21:10 | Research | Castle Age |
| 21:16 | Queue | Skirmisher |
| 21:28 | Build | Lumber Camp |
| 21:48 | Queue | Camel Scout |
| 22:01 | Queue | Skirmisher |
| 22:09 | Queue | Villager (Male) |
| 22:19 | Queue | Skirmisher |
| 23:06 | Queue | Skirmisher |
| 23:16 | Queue | Scout Cavalry |
| 23:17 | Queue | Scout Cavalry |
| 23:22 | Queue | Militia |
| 23:23 | Queue | Militia |
| 23:37 | Queue | Villager (Male) |
| 23:49 | Age | Castle Age |
| 23:54 | Build | Town Center |
| 23:57 | Build | Siege Workshop |
| 24:01 | Research | Bodkin Arrow |
| 24:02 | Research | Elite Skirmisher (upgrade) |
| 24:31 | Queue | Mangonel |
Build order — MrDiiego/twitch.tv
First 150 of 663 actions detected
| 0:01 | Queue | Villager (Male) |
| 0:02 | Queue | Villager (Male) |
| 0:02 | Queue | Villager (Male) |
| 0:02 | Queue | Villager (Male) |
| 0:02 | Queue | Villager (Male) |
| 0:03 | Build | House |
| 0:04 | Build | House |
| 1:33 | Queue | Villager (Male) |
| 1:33 | Queue | Villager (Male) |
| 1:46 | Build | Lumber Camp |
| 1:54 | Queue | Villager (Male) |
| 1:54 | Queue | Villager (Male) |
| 2:23 | Queue | Villager (Male) |
| 2:23 | Queue | Villager (Male) |
| 2:52 | Queue | Villager (Male) |
| 3:16 | Queue | Villager (Male) |
| 3:16 | Queue | Villager (Male) |
| 3:39 | Queue | Villager (Male) |
| 3:39 | Queue | Villager (Male) |
| 3:47 | Queue | Villager (Male) |
| 3:47 | Queue | Villager (Male) |
| 3:50 | Build | House |
| 4:24 | Build | Mill |
| 4:33 | Queue | Villager (Male) |
| 4:33 | Queue | Villager (Male) |
| 4:47 | Queue | Villager (Male) |
| 4:47 | Queue | Villager (Male) |
| 4:54 | Queue | Villager (Male) |
| 4:54 | Queue | Villager (Male) |
| 5:04 | Build | Palisade Wall |
| 5:05 | Build | Palisade Wall |
| 5:55 | Build | House |
| 6:12 | Queue | Villager (Male) |
| 6:25 | Build | Barracks |
| 6:36 | Research | Loom |
| 7:03 | Research | Feudal Age |
| 7:09 | Build | House |
| 7:20 | Queue | Militia |
| 7:20 | Queue | Militia |
| 7:21 | Queue | Militia |
| 7:43 | Queue | Militia |
| 8:17 | Build | House |
| 8:27 | Queue | Villager (Male) |
| 8:34 | Queue | Militia |
| 8:53 | Queue | Villager (Male) |
| 9:16 | Age | Feudal Age |
| 9:20 | Research | Man-at-Arms (upgrade) |
| 9:37 | Build | Archery Range |
| 9:43 | Research | Double-Bit Axe |
| 9:47 | Build | Farm |
| 10:00 | Queue | Villager (Male) |
| 10:24 | Queue | Villager (Male) |
| 10:34 | Queue | Spearman |
| 10:35 | Queue | Villager (Male) |
| 10:38 | Build | Farm |
| 10:39 | Build | Farm |
| 10:39 | Build | Farm |
| 10:52 | Queue | Skirmisher |
| 11:15 | Queue | Villager (Male) |
| 11:19 | Queue | Skirmisher |
| 11:26 | Build | Mining Camp |
| 11:33 | Queue | Villager (Male) |
| 11:33 | Queue | Villager (Male) |
| 11:42 | Queue | Skirmisher |
| 11:49 | Queue | Villager (Male) |
| 11:54 | Build | House |
| 12:03 | Queue | Skirmisher |
| 12:18 | Queue | Villager (Male) |
| 12:30 | Build | Blacksmith |
| 12:36 | Queue | Militia |
| 12:41 | Queue | Skirmisher |
| 12:47 | Queue | Villager (Male) |
| 12:50 | Build | House |
| 12:57 | Queue | Militia |
| 13:09 | Queue | Villager (Male) |
| 13:10 | Build | Farm |
| 13:24 | Queue | Villager (Male) |
| 13:32 | Research | Fletching |
| 13:44 | Queue | Skirmisher |
| 13:47 | Build | Farm |
| 13:48 | Build | Farm |
| 13:48 | Build | Farm |
| 13:52 | Build | Farm |
| 14:06 | Queue | Villager (Male) |
| 14:16 | Build | Farm |
| 14:17 | Build | House |
| 14:20 | Build | Farm |
| 14:28 | Queue | Skirmisher |
| 14:42 | Queue | Villager (Male) |
| 14:46 | Build | House |
| 14:48 | Build | Farm |
| 14:54 | Queue | Spearman |
| 14:59 | Build | Farm |
| 15:02 | Queue | Skirmisher |
| 15:07 | Queue | Villager (Male) |
| 15:37 | Queue | Villager (Male) |
| 15:40 | Queue | Militia |
| 15:42 | Queue | Skirmisher |
| 15:52 | Queue | Spearman |
| 16:08 | Queue | Villager (Male) |
| 16:09 | Queue | Skirmisher |
| 16:16 | Queue | Militia |
| 16:24 | Build | House |
| 16:58 | Queue | Villager (Male) |
| 16:58 | Queue | Militia |
| 16:59 | Queue | Villager (Male) |
| 17:11 | Queue | Militia |
| 17:12 | Queue | Skirmisher |
| 17:14 | Build | Farm |
| 17:15 | Build | Farm |
| 17:16 | Queue | Villager (Male) |
| 17:17 | Build | Farm |
| 17:31 | Build | Farm |
| 17:33 | Queue | Militia |
| 17:35 | Build | House |
| 17:38 | Queue | Skirmisher |
| 17:59 | Build | House |
| 18:01 | Build | Farm |
| 18:01 | Build | Farm |
| 18:01 | Build | Farm |
| 18:15 | Queue | Villager (Male) |
| 18:29 | Queue | Villager (Male) |
| 18:31 | Queue | Militia |
| 19:00 | Queue | Villager (Male) |
| 19:10 | Queue | Villager (Male) |
| 19:20 | Queue | Militia |
| 19:30 | Queue | Villager (Male) |
| 19:37 | Build | Farm |
| 19:41 | Build | Mill |
| 19:43 | Build | House |
| 19:43 | Build | House |
| 20:02 | Build | Lumber Camp |
| 20:10 | Research | Castle Age |
| 20:10 | Research | Castle Age |
| 20:12 | Build | Farm |
| 20:21 | Queue | Archer |
| 20:27 | Queue | Militia |
| 20:32 | Queue | Skirmisher |
| 20:34 | Build | Archery Range |
| 20:51 | Queue | Skirmisher |
| 21:05 | Queue | Skirmisher |
| 21:18 | Queue | Militia |
| 21:19 | Queue | Skirmisher |
| 21:20 | Queue | Skirmisher |
| 21:34 | Research | Horse Collar |
| 21:35 | Research | Gold Mining |
| 21:49 | Queue | Militia |
| 21:53 | Research | Scale Mail Armor |
| 21:53 | Research | Padded Archer Armor |
| 21:55 | Queue | Villager (Male) |
Match timeline
| 5:04 | MrDiiego/twitch.tv · wall_segment Palisade Wall x1 |
| 5:05 | MrDiiego/twitch.tv · wall_segment Palisade Wall x1 |
| 6:25 | MrDiiego/twitch.tv · first_building Barracks |
| 6:57 | VENÓN | Kevin · first_building Barracks |
| 8:52 | VENÓN | Kevin · age_up feudal |
| 8:58 | VENÓN | Kevin · first_building Archery Range |
| 9:16 | MrDiiego/twitch.tv · age_up feudal |
| 9:37 | MrDiiego/twitch.tv · first_building Archery Range |
| 13:51 | VENÓN | Kevin · first_building Stable |
| 15:30 | VENÓN | Kevin · wall_segment Palisade Wall x1 |
| 15:37 | VENÓN | Kevin · wall_segment Palisade Wall x1 |
| 20:39 | VENÓN | Kevin · first_market_buy 100 food |
| 22:00 | VENÓN | Kevin · first_market_sell 100 wood |
| 22:50 | MrDiiego/twitch.tv · age_up castle |
| 23:49 | VENÓN | Kevin · age_up castle |
| 23:57 | VENÓN | Kevin · first_building Siege Workshop |
| 25:25 | MrDiiego/twitch.tv · first_building Monastery |
| 27:53 | MrDiiego/twitch.tv · first_building Stable |
| 29:05 | VENÓN | Kevin · first_building Monastery |
| 32:55 | MrDiiego/twitch.tv · first_market_buy 100 wood |
| 36:21 | VENÓN | Kevin · first_building Castle |
| 37:26 | MrDiiego/twitch.tv · first_building Castle |
| 38:53 | MrDiiego/twitch.tv · age_up imperial |
| 39:11 | MrDiiego/twitch.tv · first_market_sell 100 food |
| 39:15 | VENÓN | Kevin · age_up imperial |
| 40:35 | VENÓN | Kevin · wall_segment Stone Wall x1 |
| 40:36 | VENÓN | Kevin · wall_segment Stone Wall x1 |
| 40:38 | VENÓN | Kevin · wall_segment Stone Wall x1 |
| 40:40 | VENÓN | Kevin · wall_segment Stone Wall x1 |
| 40:47 | VENÓN | Kevin · wall_segment Stone Wall x1 |
| 42:16 | MrDiiego/twitch.tv · first_building Siege Workshop |
| 62:00 | VENÓN | Kevin · resign |
[ AI ANALYSIS · 1 CREDIT ]
What really happened in this match?
Wolo.gg analyzes every decision: build order, eco, micro, common mistakes by bracket. Personalized analysis on WhatsApp or Discord in 30 seconds.
Civ guide
Gurjaras
Perfil
Jugador #20466570